 Dungeon Crawl Stone Soup version 0.30-a0-269-gf0224bf7b6 (webtiles) character file.

Game seed: 2125914750265048383

1444 zishaf the Zephyrmancer (level 8, -9/48 (49) HPs)
             Began as a Tengu Air Elementalist on Oct 14, 2022.
             Was an Initiate of Ashenzari.
             Mangled by Prince Ribbit (13 damage)
             ... on level 5 of the Dungeon.
             The game lasted 00:16:59 (8236 turns).

zishaf the Zephyrmancer (Tengu Air Elementalist)    Turns: 8236, Time: 00:17:00

HP:   -9/48 (49)    AC:  7    Str:  9    XL:     8   Next: 74%
MP:   13/13         EV: 13    Int: 17    God:    Ashenzari [......]
Gold: 302           SH:  0    Dex: 21    Spells: 6/13 levels left

rFire   + . .      SeeInvis .    t - +2 dagger (vamp)
rCold   + . .      Faith    .    (no shield)
rNeg    . . .      Spirit   .    C - +2 ring mail of Ashenzari's Pleiades {Will+, Melee, Elem} (curse)
rPois   .          Reflect  .    (helmet restricted)
rElec   .          Harm     .    o - scarf {rC+ rF+}
rCorr   .          Rampage  .    (no gloves)
Will    +....                    (boots unavailable)
Stlth   ++........               (no amulet)
HPRegen 0.28/turn                w - +6 ring of dexterity
MPRegen 0.13/turn                (no ring)

@: flying quickly and evasively, lightly drained, quick
A: beak, talons 3, nimble flight
a: Renounce Religion, Curse Item, Shatter the Chains


You were on level 5 of the Dungeon.
You worshipped Ashenzari.
Ashenzari was noncommittal.
You visited 2 branches of the dungeon, and saw 7 of its levels.
You also visited: Sewer.

You collected 302 gold pieces.

Inventory:

Hand Weapons
 c - a +0 short sword
 t - a +2 vampiric dagger (weapon)
Armour
 a - a +0 robe
 j - a +0 cloak
 o - a scarf of resistance (worn)
 C - the cursed +2 ring mail of Ashenzari's Pleiades (worn) {Will+, Melee, Elem}
   (You took it off an orc on level 5 of the Dungeon)

   It has a curse which improves the following skills: Melee Combat: Short
   Blades, Long Blades, Axes, Maces & Flails, Polearms, Staves and Unarmed
   Combat.
   Elements:  Fire Magic, Ice Magic, Air Magic and Earth Magic.
Jewellery
 q - an amulet of faith
 w - a +6 ring of dexterity (left hand)
 x - a ring of protection from fire
Wands
 v - a wand of mindburst (13)
Scrolls
 f - a scroll of enchant weapon
 i - 2 scrolls of teleportation
 m - a scroll of amnesia
 y - a scroll of summoning
Potions
 b - 4 potions of magic
 d - a potion of degeneration {unknown}
 e - 4 potions of curing
 g - a potion of resistance {unknown}
 h - a potion of lignification {unknown}
 k - a potion of cancellation {unknown}
 l - 7 potions of haste {unknown}
 n - a potion of invisibility {unknown}
 p - a potion of heal wounds {unknown}
 s - 3 potions of might {unknown}
 u - 2 potions of flight {unknown}
 z - 2 potions of mutation {unknown}
 A - a potion of brilliance {unknown}


   Skills:
 + Level 5.0 Fighting
 - Level 2.1 Dodging
 - Level 2.0 Stealth
 - Level 3.0 Spellcasting
 + Level 7.3 Conjurations
 + Level 8.0(8.4) Air Magic
 - Level 4.0 Evocations


You had 6 spell levels left.
You knew the following spells:

 Your Spells              Type           Power      Damage    Failure   Level
a - Shock                 Conj/Air       100%       1d9       1%          1
b - Airstrike             Air            15%        2d(3-19)  16%         4
A - Static Discharge      Conj/Air       58%        2-5/arc   3%          2

Your spell library contained the following spells:

 Spells                   Type           Power      Damage    Failure   Level
 Swiftness                Air            31%        N/A       4%          3


Dungeon Overview and Level Annotations

Branches:
Dungeon (6/15)             Temple (1/1) D:4           Sewer (visited)

Altars:
Ashenzari
Cheibriados
Elyvilon
Fedhas
Gozag
Hepliaklqana
Kikubaaqudgha
Makhleb
Nemelex Xobeh
Okawaru
Qazlal
Ru
Sif Muna
Trog
Uskayaw
Vehumet
Wu Jian
Xom
Zin
The Shining One

Shops:
D:5 *

Annotations:
D:5 2 transporters, Prince Ribbit; purpskrrrp's ghost, novice FoHu


Innate Abilities, Weirdness & Mutations

You have a beak for a mouth.
You have claws for feet.
Your magical nature lets you fly swiftly and evasively.


Message History

The bullfrog attacks as you move away! The bullfrog hits you.
The jelly hits you but does no damage.
There is a stone staircase leading up here.
The bullfrog attacks as you move away!
The bullfrog hits you but does no damage. x2
An orc wizard comes into view. It is wielding a +0 dagger.
The bullfrog attacks as you move away! The bullfrog hits you.
Prince Ribbit and an orc come into view.
Found a trident.
The bullfrog closely misses you. The bullfrog attacks as you move away!
The bullfrog hits you.
An orc and a centaur come into view.
The bullfrog attacks as you move away! The bullfrog misses you.
The orc shouts!
You hear a shout!
The centaur wields a +0 shortbow.
The centaur shoots an arrow.
The arrow hits you. The bullfrog attacks as you move away!
The bullfrog closely misses you. Prince Ribbit closely misses you. x2
Prince Ribbit attacks as you move away! Prince Ribbit hits you.
* * * LOW HITPOINT WARNING * * *
The bullfrog attacks as you move away!
The bullfrog hits you but does no damage.
The bullfrog misses you.
You see here a scroll of teleportation.
The bullfrog attacks as you move away! The bullfrog barely misses you.
A wight comes into view. It is wielding a +3 spear.
An orc comes into view. It is wielding a +0 club.
There is a stone staircase leading up here.
Prince Ribbit hits you!
* * * LOW HITPOINT WARNING * * *
You fly upwards.
Level annotation: 2 transporters, purpskrrrp's ghost, novice FoHu Ashenzari invites you to partake of a vision and a curse of evocations and elements.
There is a stone staircase leading down here.
Prince Ribbit completely misses you. Prince Ribbit attacks as you move away!
Prince Ribbit barely misses you. Prince Ribbit misses you.
Prince Ribbit attacks as you move away! Prince Ribbit hits you!
* * * LOW HITPOINT WARNING * * *
Prince Ribbit attacks as you move away! Prince Ribbit hits you!
You die...

.................................
.....<..........>#............###
##.......##.....>.............##
#.........##..#....#...........##
#.........###....#...........#...
#........)# ####.##.......#.##...
..........# #...............##
#<).......# #F##..###.....####
##)......## #@#..## #.....#
#.).......# #....# #.....#
#...8.....######..#.# #.....###
#.................#.## #.......##
#...<.....#######....# #......#⌠.
..........# ##.#.# #.....##..
##8.∩.8..## ###.#.###.....##.#
##.....## #..........##.##.#
#.>)### #.......>..##...⌠.


You could see Prince Ribbit.

Vanquished Creatures
  Sigmund (D:3)
  An orc warrior (D:5)
  An ogre (D:4)
  A phantom (D:4)
  5 kobold brigands (Sewer)
  A bullfrog (D:6)
  A necrophage (D:4)
  2 jellies
  4 orc priests
  An iguana (D:4)
  3 orc wizards
  4 gnolls
  4 adders
  6 worms
  2 dart slugs
  11 orcs
  6 endoplasms
  6 giant cockroaches
  8 goblins
  5 hobgoblins
  4 jackals
  19 kobolds
  7 quokkas
  10 ball pythons
  7 bats
  4 frilled lizards
  10 rats
134 creatures vanquished.

Vanquished Creatures (collateral kills)
  A phantom (D:5)
1 creature vanquished.

Vanquished Creatures (others)
  2 fungi (Sewer)
2 creatures vanquished.

Grand Total: 137 creatures vanquished

Notes
Turn   | Place    | Note
-------+----------+-------------------------------------------
     0 | D:1      | zishaf the Tengu Air Elementalist began the quest for the
                  | Orb.
     0 | D:1      | Reached XP level 1. HP: 10/10 MP: 4/4
   249 | D:1      | Reached XP level 2. HP: 16/16 MP: 0/6
   353 | D:1      | Learned a level 2 spell: Static Discharge
   610 | D:1      | Reached skill level 1 in Fighting
  1095 | D:1      | Reached XP level 3. HP: 20/20 MP: 3/7
  1515 | D:2      | Reached XP level 4. HP: 25/25 MP: 4/8
  2528 | D:3      | Noticed Sigmund
  3060 | D:3      | Reached skill level 5 in Air Magic
  3060 | D:3      | Gained mutation: Your magical nature lets you fly swiftly
                  | and evasively. [Tengu growth]
  3060 | D:3      | Reached XP level 5. HP: 30/30 MP: 2/10
  3463 | D:3      | Killed Sigmund
  3464 | D:3      | Reached XP level 6. HP: 5/36 MP: 0/11
  3470 | D:3      | Learned a level 4 spell: Airstrike
  4650 | D:4      | Found a staircase to the Ecumenical Temple.
  4684 | Temple   | Entered the Ecumenical Temple
  4850 | Temple   | Became a worshipper of Ashenzari the Shackled
  5174 | D:5      | Entered Level 5 of the Dungeon
  5174 | D:5      | Found Cibusysan's General Store.
  5276 | D:5      | Noticed an orc warrior
  5472 | D:5      | Reached skill level 5 in Conjurations
  5488 | D:4      | Reached skill level 6 in Air Magic
  5488 | D:4      | Reached skill level 1 in Evocations
  5615 | D:5      | Reached XP level 7. HP: 12/41 MP: 5/12
  6551 | D:5      | Found a transporter.
  6552 | D:5      | Noticed purpskrrrp's ghost (novice FoHu)
  6692 | D:5      | Reached skill level 7 in Air Magic
  6692 | D:5      | Reached XP level 8. HP: 10/48 MP: 10/13
  7219 | D:5      | Found a transporter.
  7439 | D:6      | Found a glowing drain.
  7495 | Sewer    | Entered a sewer
  8019 | Sewer    | Reached skill level 5 in Fighting
  8145 | Sewer    | Reached skill level 8 in Air Magic
  8215 | D:6      | Noticed Prince Ribbit
  8236 | D:5      | Mangled by Prince Ribbit

Illustrated notes

Levels and vault maps discovered:
D:1:      lightli_arrival_noodles, layout_rooms
D:2:      layout_basic, ebering_dispersal_statue_hall, st_stairs_7,
          minmay_randomly_rotated_circles
D:3:      minmay_inner_zag, layout_basic, serial_rivers,
          chequers_serial_rivers_large_b, chequers_serial_rivers_room_a,
          chequers_serial_rivers_large_a, chequers_serial_rivers_micro_d,
          chequers_serial_rivers_micro_e, nicolae_figureground_pulse,
          uniq_sigmund
D:4:      layout_basic, minmay_temple_entry_junction
D:5:      layout_rooms, serial_shops, nicolae_stop_n_shop_2,
          gammafunk_ghost_arena, chequers_serial_rivers_small_b,
          roderic_three_in_a_row
D:6:      layout_rooms, cheibrodos_sewer_entry_sluice,
          chequers_serial_rivers_small_a, uniq_prince_ribbit1, uniq_pikel
Temple:   nicolae_temple_bog_church

Skill      XL: |  1  2  3  4  5  6  7  8 |
---------------+-------------------------+-----
Conjurations   | 2 3 4 5 6 7 |  7.3
Fighting       | 1 2 3 4 5 |  5.0
Air Magic      | 5 6 7 8 |  8.0
Spellcasting   | 3 |  3.0
Evocations     | 1 2 4 |  4.0
Dodging        | |  2.1
Stealth        | |  2.0

Action                   |  1- 3 |  4- 6 |  7- 9 || total
-------------------------+-------+-------+-------++-------
Melee: Short sword       |     4 |     2 |       ||     6
       Kick              |     2 |     2 |     6 ||    10
       Dagger            |       |     4 |    28 ||    32
       Peck              |       |       |     5 ||     5
       Punch             |       |       |     1 ||     1
 Cast: Shock             |    77 |    97 |    31 ||   205
       Static Discharge  |       |    24 |    56 ||    80
Invok: Curse Item        |       |       |     1 ||     1
  Use: Scroll            |       |       |    10 ||    10
       Potion            |       |       |     1 ||     1
Armor: Robe              |     1 |     6 |     1 ||     8
       Ring mail         |       |       |    24 ||    24
Dodge: Dodged            |     9 |    43 |    70 ||   122

Table legend: (Time is in decaauts)
 A = Elapsed time spent in this place.
 B = Non-inter-level travel time spent in this place.
 C = Inter-level travel time spent in this place.
 D = Time resting spent in this place.
 E = Time spent auto-exploring this place.
 F = Levels seen in this place.
 G = Mean time per level.
                   A        B        C        D        E       F      G
               +--------+--------+--------+--------+--------+-----+--------+
         Total |   7984 |   7535 |    449 |   1879 |   4237 |   8 |  998.0 |
       Dungeon |   7154 |   6725 |    429 |   1684 |   3790 |   6 | 1192.3 |
        Temple |    164 |    144 |     20 |      0 |    113 |   1 |  164.0 |
         Sewer |    665 |    665 |      0 |    195 |    333 |   1 |  665.0 |
               +--------+--------+--------+--------+--------+-----+--------+

Top non-repeatable levels by time:
     D:4: 2374 daAuts
     D:3: 1408 daAuts
     D:2: 1349 daAuts
     D:1: 1137 daAuts
     D:5: 759 daAuts
   Sewer: 665 daAuts
  Temple: 164 daAuts
     D:6: 126 daAuts
